 Dungeon Crawl Stone Soup version 0.29-a0-341-g24ffce5b50 (webtiles) character file.

Game seed: 16154129074233277836

111 HendSelp the Insei (level 5, -6/41 HPs)
             Began as a Human Monk on Apr 20, 2022.
             Mangled by an iguana (7 damage)
             ... on level 4 of the Dungeon.
             The game lasted 00:05:14 (3667 turns).

HendSelp the Insei (Human Monk)                     Turns: 3667, Time: 00:05:14

Health: -6/41      AC:  3    Str: 19    XL:     5   Next: 15%
Magic:  5/5        EV: 13    Int: 11    God:
Gold:   194        SH:  0    Dex: 15    Spells: 4/4 levels left

rFire   . . .      SeeInvis .     - Unarmed
rCold   . . .      Faith    .   (no shield)
rNeg    . . .      Spirit   .   a - +0 robe
rPois   .          Reflect  .   i - +1 hat
rElec   .          Harm     .   (no cloak)
rCorr   .          Rampage  .   (no gloves)
Will    .....                   (no boots)
Stlth   ++........              (no amulet)
HPRegen 0.13/turn               j - +6 ring of strength
MPRegen 0.09/turn               (no ring)

@: no status effects
A: no striking features
a: no special abilities


You were on level 4 of the Dungeon.
You visited 1 branch of the dungeon, and saw 4 of its levels.

You collected 194 gold pieces.

Inventory:

Armour
 a - a +0 robe (worn)
 i - a +1 hat (worn)
Jewellery
 j - a +6 ring of strength (left hand)
Scrolls
 f - a scroll of fog
 g - a scroll of teleportation
Potions
 e - a potion of flight


   Skills:
 * Level 3.4 Fighting
 * Level 1.1 Armour
 * Level 3.5 Dodging
 - Level 2.0 Stealth
 * Level 4.5 Unarmed Combat


You had 4 spell levels left.
You didn't know any spells.
Your spell library contained the following spells:

 Spells                   Type           Power      Damage    Failure   Level
 Gell's Gravitas          Tloc           0%         N/A       71%         3
 Lesser Beckoning         Tloc           0%         N/A       71%         3
 Teleport Other           Tloc           0%         N/A       71%         3


Dungeon Overview and Level Annotations

Branches:
Dungeon (4/15)
 Temple: D:4-7

Altars:
Ru

Annotations:
D:2 1 runed translucent door, Crazy Yiuf
D:3 2 transporters, DarkMailMan's ghost, amateur DECj


Message History

Unknown command.
The iguana barely misses you. The iguana attacks as you move away!
The iguana barely misses you. The iguana attacks as you move away!
The iguana bites you!
* * * LOW HITPOINT WARNING * * *
You hit the iguana but do no damage.
The iguana is severely wounded.
The iguana closely misses you.
Unknown command.
You punch the iguana!
You kill the iguana!
You have reached level 5!
Unknown command.
You feel better.
Unknown command.
You hit the iguana but do no damage. The iguana barely misses you.
Unknown command.
You completely miss the iguana. The iguana barely misses you.
You closely miss the iguana. Your punch misses the iguana.
The iguana misses you.
You hit the iguana.
The iguana is lightly wounded.
The iguana bites you.
You hit the iguana but do no damage.
The iguana is lightly wounded.
The iguana bites you!
* * * LOW HITPOINT WARNING * * *
Unknown command.
You hit the iguana but do no damage.
The iguana is lightly wounded.
The iguana bites you!
* * * LOW HITPOINT WARNING * * *
You hit the iguana but do no damage.
The iguana is lightly wounded.
The iguana closely misses you.
Unknown command.
You hit the iguana but do no damage.
The iguana is lightly wounded.
The iguana bites you!
You die...

#.# # #.#
#. #.#
#.#####.#
#.....:.#
#.......#
#.##.##.#
#.##l#
#..#@#
##.#.#
#.###.#.#
#.......#
#####.###
#.# #.#
#########.#
#....<..#.#


You could see an iguana.

Vanquished Creatures
  An iguana (D:4)
  An adder (D:3)
  3 worms (D:2)
  3 dart slugs
  4 orcs (D:3)
  6 endoplasms
  2 giant cockroaches
  4 hobgoblins (D:1)
  4 kobolds
  3 quokkas
  6 ball pythons
  3 bats
  4 frilled lizards
  6 goblins
  10 rats
60 creatures vanquished.

Notes
Turn   | Place    | Note
-------+----------+-------------------------------------------
     0 | D:1      | HendSelp the Human Monk began the quest for the Orb.
     0 | D:1      | Reached XP level 1. HP: 18/18 MP: 1/1
   145 | D:1      | Reached XP level 2. HP: 23/24 MP: 2/2
   459 | D:1      | Reached XP level 3. HP: 29/29 MP: 3/3
   539 | D:1      | You fall into a shaft and drop 1 floor!
  1592 | D:2      | Found a runed translucent door.
  1593 | D:2      | Noticed Crazy Yiuf
  1731 | D:2      | Reached XP level 4. HP: 31/35 MP: 4/4
  1916 | D:2      | Found a faded altar of an unknown god.
  2040 | D:2      | Reached skill level 1 in Armour
  2211 | D:3      | Found a transporter.
  2212 | D:3      | Noticed DarkMailMan's ghost (amateur DECj)
  2216 | D:3      | Noticed a bullfrog
  2302 | D:3      | Reached skill level 4 in Unarmed Combat
  2859 | D:3      | Found a transporter.
  3126 | D:3      | Found a faded altar of an unknown god.
  3140 | D:3      | Found a sacrificial altar of Ru.
  3658 | D:4      | Reached XP level 5. HP: 12/41 MP: 5/5
  3665 | D:4      | HP: 1/41 [iguana (8)]
  3667 | D:4      | Mangled by an iguana

Illustrated notes

Levels and vault maps discovered:
D:1:      dpeg_arrival_long_road, layout_loops_cross
D:2:      layout_basic, ebering_ecumenical_altar_sacrificial, chequers_jeans,
          hangedman_abyss_or_decor_lesser_grid, corexii_leaking_fountain,
          uniq_crazy_yiuf_cottage
D:3:      layout_basic, nicolae_overflow_ecumenical_swirl, gammafunk_ghost_arena
D:4:      layout_loops_cross

Skill      XL: |  1  2  3  4 |
---------------+-------------+-----
Armour         | 1 |  1.1
Unarmed Combat | 4 |  4.5
Fighting       | |  3.4
Dodging        | |  3.5
Stealth        | |  2.0

Action                   |  1- 3 |  4- 6 || total
-------------------------+-------+-------++-------
Melee: Unarmed           |   128 |    96 ||   224
       Punch             |     2 |     1 ||     3
  Use: Scroll            |       |     8 ||     8
       Potion            |       |     2 ||     2
 Stab: Sleeping          |     7 |     1 ||     8
Armor: Robe              |     6 |     4 ||    10
Dodge: Dodged            |    61 |    65 ||   126

Table legend: (Time is in decaauts)
 A = Elapsed time spent in this place.
 B = Non-inter-level travel time spent in this place.
 C = Inter-level travel time spent in this place.
 D = Time resting spent in this place.
 E = Time spent auto-exploring this place.
 F = Levels seen in this place.
 G = Mean time per level.
                   A        B        C        D        E       F      G
               +--------+--------+--------+--------+--------+-----+--------+
         Total |   3653 |   3551 |    102 |    346 |   2651 |   4 |  913.2 |
       Dungeon |   3653 |   3551 |    102 |    346 |   2651 |   4 |  913.2 |
               +--------+--------+--------+--------+--------+-----+--------+

Top non-repeatable levels by time:
     D:3: 1414 daAuts
     D:1: 1161 daAuts
     D:2: 993 daAuts
     D:4: 84 daAuts
